AoeStats
← robby

Arabia

510729186Analyzed
1v1 RM · 2d ago on Oct 2, 2026· 33m 49s· 2 players
Game mode
Random Map
Map size
Tiny (2 player)
Population
200
Speed
Normal
Resources
Standard
Victory
Conquest
Starting age
Dark Age
Ending age
Imperial Age
RankedLock teamsTeams togetherTeam positionsShared explorationLock speedFull tech treeHidden civsTurbo modeCheats
Victory
Defeat
🇫🇷 Vikings · France
884
+17
🇯🇵 Wu · Japan
903
-41
El_Loco_M
6:50 Loom
10:23 Feudal Age
12:16 Double-Bit Axe
14:52 Horse Collar
17:24 Fletching
18:19 Padded Archer Armor
24:06 Castle Age
22:14 Scale Mail Armor
22:47 Stone Mining
22:51 Gold Mining
25:22 Squires
24:44 Pikeman
25:52 Chain Mail Armor
26:43 Heavy Plow
27:05 Forging
27:17 Bow Saw
28:38 Crossbowman
29:16 Bodkin Arrow
29:57 Iron Casting
34:09 Arson
robby
10:22 Feudal Age
11:04 Double-Bit Axe
11:03 Horse Collar
19:05 Castle Age
17:16 Scale Barding Armor
20:01 Gold Mining
20:24 Bow Saw
23:28 Arson
27:12 Town Watch
28:04 Wheelbarrow
32:46 Chain Barding Armor
Connection lost

Rejoining the realm…

Still unreachable

The connection could not be restored.

Session expired

The server has moved on; the page needs a fresh start.